 Dungeon Crawl Stone Soup version 0.30.0-18-gc0e69614cb (webtiles) character file.

Game seed: 3978013335648824123

86 unlimited1921 the Magician (level 4, 0/31 HPs)
             Began as a Djinni Fire Elementalist on May 24, 2023.
             Slain by an orc priest
             ... wielding a +0 short sword
              (3 damage)
             ... on level 2 of the Dungeon.
             The game lasted 00:05:20 (3206 turns).

unlimited1921 the Magician (DjFE)                   Turns: 3206, Time: 00:05:23

Health: 0/31       AC:  3    Str:  7    XL:     4   Next: 77%
Gold:   177        EV: 12    Int: 19    God:
                   SH:  0    Dex: 13

rFire   + + .        (no weapon)
rCold   . . .        (no shield)
rNeg    . . .        l - +1 robe {rC+}
rPois   ∞            (no helmet)
rElec   .            (no cloak)
rCorr   .            (no gloves)
SInv    +            (boots unavailable)
Will    .....        (no amulet)
Stlth   ++           m - ring of see invisible
HPRegen 0.25/turn    (no ring)
MPRegen 0.00/turn

%: infuse magic (-1 HP)
@: flying, very slightly contaminated
A: sickness immunity, fire resistance 2, cold vulnerability 1, float, innate
caster, HP casting, extra vitality 1
a: no special abilities


You were on level 2 of the Dungeon.
You visited 1 branch of the dungeon, and saw 2 of its levels.

You collected 177 gold pieces.

Inventory:

Armour
 b - a +0 buckler
 e - a +0 leather armour
 j - a +0 buckler
 l - a +1 robe of cold resistance (worn)
Jewellery
 m - a ring of see invisible (left hand)
Scrolls
 a - a scroll of vulnerability {unknown}
 g - a scroll of amnesia {unknown}
 h - a scroll of enchant weapon {unknown}
 i - a scroll of magic mapping {unknown}
 k - a scroll of identify {unknown}
Potions
 c - a potion of magic {unknown}
 d - a potion of attraction {unknown}
 f - a potion of haste {unknown}
 n - a potion of ambrosia {unknown}


   Skills:
 + Level 2.4 Dodging
 + Level 2.1 Stealth
 + Level 3.7 Spellcasting


You knew the following spells:

 Your Spells              Type           Power      Damage    Failure   Level
a - Foxfire               Conj/Fire      68%        2x1d7     3%          1
b - Scorch                Fire           34%        2d6       4%          2
c - Volatile Blastmotes   Fire/Tloc      34%        2d12      10%         3
d - Inner Flame           Hex/Fire       17%        N/A       10%         3
e - Flame Wave            Conj/Fire      17%        2d7       30%         4
f - Summon Small Mammal   Summ           68%        N/A       3%          1
Your spell library was empty.

Dungeon Overview and Level Annotations

Branches:
Dungeon (2/15)

Altars:


Innate Abilities, Weirdness & Mutations

You are immune to sickness and miasma.
You are immune to poison.
Your flesh is very heat resistant. (rF++)
You are vulnerable to cold. (rC-)
You float through the air rather than walking.
You learn spells naturally, not from books.
Your magical power is your life essence.
You have superior vitality. (+4 MHP)


Message History

Flames lash the orc wizard.
The orc wizard is burned terribly!
The orc wizard is almost dead.
The orc wizard closely misses you.
Casting: Scorch (safe; 5% risk of failure)
Confirm with . or Enter, or press ? or * to list all spells.
Flames lash the orc wizard.
The orc wizard is burned terribly!
You kill the orc wizard!
An orc wizard comes into view. It is wielding a +0 dagger.
Casting: Scorch (safe; 4% risk of failure)
Confirm with . or Enter, or press ? or * to list all spells.
Flames lash the orc priest.
The orc priest is lightly wounded.
The orc priest's fire resistance burns away.
The orc wizard mumbles some strange words.
The orc wizard flickers and vanishes for a moment.
Casting: Scorch (safe; 4% risk of failure)
Confirm with . or Enter, or press ? or * to list all spells.
You conjure some foxfire!
The orc priest invokes the aid of Beogh against you.
Beogh smites you!
* * * LOW HITPOINT WARNING * * *
The foxfire hits the orc priest.
The orc priest is burned terribly!
The orc priest is heavily wounded.
The foxfire hits the orc priest!
The orc priest is burned terribly!
The orc priest is almost dead.
Casting: Foxfire (safe; 3% risk of failure)
Confirm with . or Enter, or press ? or * to list all spells.
You don't know that spell.
Unknown command.
Casting: Foxfire (safe; 3% risk of failure)
Confirm with . or Enter, or press ? or * to list all spells.
Okay, then.
Unknown command.
Casting: Foxfire (safe; 3% risk of failure)
Confirm with . or Enter, or press ? or * to list all spells.
You conjure some foxfire!
* * * LOW HITPOINT WARNING * * *
The orc priest is no longer more vulnerable to fire.
The orc priest hits you with a +0 short sword.
You die...

##.## #.#
#..##.##.##.#.####### #.#
##.###..##.##.##.#........
#.#
##...##..##.##.............
#.# #........##.##.#
#.######
...................# #
#.##..<............#
...#.#.#.#####.##.#
#.###..#.# ###v# ## ..#
##.#.# #v@.# #. ## .##.#
#o### #. # #.##.o# #. #.##
#. #) #. #. ##. .. #.. #.
#). #. #..


You could see an orc priest (ally target) and an orc wizard (invisible).

Vanquished Creatures
  An orc wizard (D:2)
  A gnoll (D:1)
  2 dart slugs (D:1)
  An orc (D:2)
  2 bats (D:1)
  3 endoplasms
  2 giant cockroaches
  5 goblins
  3 hobgoblins
  6 jackals
  7 kobolds
  A quokka (D:1)
  2 ball pythons
  3 frilled lizards
  3 rats
42 creatures vanquished.

Vanquished Creatures (collateral kills)
  3 foxfires (D:1)
3 creatures vanquished.

Vanquished Creatures (others)
  107 foxfires
107 creatures vanquished.

Grand Total: 152 creatures vanquished

Notes
Turn   | Place    | Note
-------+----------+-------------------------------------------
     0 | D:1      | unlimited1921 the Djinni Fire Elementalist began the quest
                  | for the Orb.
     0 | D:1      | unlimited1921 set off with the following spells memorised:
                  | Foxfire, Scorch, Volatile Blastmotes, Inner Flame, Flame
                  | Wave.
     0 | D:1      | Reached XP level 1. HP: 15/15 MP: 0/0
   197 | D:1      | Reached XP level 2. HP: 18/21 MP: 0/0
   645 | D:1      | Reached skill level 3 in Spellcasting
   839 | D:1      | Reached XP level 3. HP: 24/25 MP: 0/0
   839 | D:1      | Learned a level 1 spell: Summon Small Mammal
  2432 | D:2      | Reached XP level 4. HP: 30/31 MP: 0/0
  2796 | D:2      | Found a faded altar of an unknown god.
  3206 | D:2      | Slain by an orc priest

Illustrated notes

Levels and vault maps discovered:
D:1:      wander_arrival_estate, layout_basic, minivault_5, chequers_garden,
          nicolae_eternal_life, serial_bayou_crossing
D:2:      layout_loops_ring, ebering_ecumenical_altar_rust, grunt_ministairs_4

Skill      XL: |  1  2  3  4 |
---------------+-------------+-----
Spellcasting   | 3 |  3.7
Stealth        | 2 |  2.1
Dodging        | |  2.4

Action                     |  1- 3 |  4- 6 || total
---------------------------+-------+-------++-------
   Cast: Foxfire           |    58 |    22 ||    80
         Scorch            |     2 |    10 ||    12
 Armour: Robe              |     1 |       ||     1
  Dodge: Dodged            |     5 |     5 ||    10
